 Dungeon Crawl Stone Soup version 0.28-a0-973-ga7f8b01127 (webtiles) character file.

Game seed: 7501796968316175917

525 Goblin1989 the Slasher (level 7, 0/44 HPs)
             Began as a Tengu Fighter on Dec 1, 2021.
             Was a Believer of Cheibriados.
             Frozen to death by an endoplasm (4 damage)
             ... on level 4 of the Dungeon.
             The game lasted 00:05:50 (4352 turns).

Goblin1989 the Slasher (Tengu Fighter)              Turns: 4352, Time: 00:05:51

Health: 0/44       AC:  8    Str: 22    XL:     7   Next: 23%
Magic:  9/9        EV: 11    Int: 13    God:    Cheibriados [**....]
Gold:   85         SH:  5    Dex: 17    Spells: 6/6 levels left

rFire   . . .      SeeInvis .   a - +0 long sword
rCold   . . .      Faith    .   c - +0 buckler
rNeg    . . .      Spirit   .   b - +0 scale mail
rPois   .          Reflect  .   (helmet restricted)
rElec   .          Harm     .   (no cloak)
rCorr   .          Rampage  .   e - +0 pair of gloves
Will    .....                   (boots unavailable)
Stlth   ..........              (no amulet)
HPRegen 0.14/turn               (no ring)
MPRegen 0.11/turn               (no ring)

@: flying quickly and evasively, very slow
A: beak, talons 3, nimble flight
a: Renounce Religion, Bend Time


You were on level 4 of the Dungeon.
You worshipped Cheibriados.
Cheibriados was pleased with you.
You visited 1 branch of the dungeon, and saw 4 of its levels.

You collected 124 gold pieces.
You spent 39 gold pieces at shops.

Inventory:

Hand Weapons
 a - a +0 long sword (weapon)
 h - a +0 dagger of electrocution
Missiles
 k - 4 javelins (quivered) {@Q2}
 s - 15 poisoned darts
Armour
 b - a +0 scale mail (worn)
 c - a +0 buckler (worn)
 e - a +0 pair of gloves (worn)
Jewellery
 q - a ring of ice
Scrolls
 f - a scroll of immolation {unknown}
 g - 3 scrolls of identify {unknown}
 i - a scroll of magic mapping {unknown}
 j - a scroll of torment {unknown}
 n - a scroll of enchant weapon {unknown}
 p - a scroll of blinking {unknown}
 w - a scroll of vulnerability {unknown}
Potions
 d - 2 potions of might {@q4}
 m - a potion of lignification {unknown}
 o - a potion of attraction {unknown}
 r - a potion of brilliance {unknown}
 t - a potion of invisibility {unknown}
 u - a potion of mutation {unknown}
 v - a potion of cancellation {unknown}


   Skills:
 + Level 4.4 Fighting
 * Level 5.4 Long Blades
 + Level 4.8 Armour
 - Level 4.0 Shields
 + Level 1.7 Invocations


You had 6 spell levels left.
You didn't know any spells.
Your spell library contained the following spells:

 Spells                   Type           Power      Damage    Failure   Level
 Fireball                 Conj/Fire      0%         3d3       100%        5
 Iskenderun's Battlesphe  Conj           0%         2d6       100%        5
 Conjure Ball Lightning   Conj/Air       0%         3x3d6     100%        6
 Orb of Destruction       Conj           0%         N/A       100%        7


Dungeon Overview and Level Annotations

Branches:
Dungeon (4/15)
 Temple: D:4-7

Altars:
Cheibriados
Wu Jian

Shops:
D:4 *


Innate Abilities, Weirdness & Mutations

You have a beak for a mouth.
You have claws for feet.
Your magical nature lets you fly swiftly and evasively.


Message History

The ufetubus hits you but does no damage.
You barely miss the orc wizard. Your kick misses the orc wizard.
Your peck misses the orc wizard.
The orc wizard is severely wounded.
You feel less confused. The orc misses you.
The ufetubus hits you but does no damage.
The ufetubus misses you. The orc wizard casts a spell at you.
The puff of flame hits you. The orc hits you but does no damage.
You take 4 damage, and have 23/44 hp.
Unknown command.
You hit the orc wizard.
The orc wizard is severely wounded.
The ufetubus hits you.
The ufetubus hits you but does no damage.
You block the orc wizard's attack.
The ufetubus hits you but does no damage.
You block the ufetubus's attack. The orc hits you but does no damage.
The orc barely misses you.
You take 1 damage, and have 22/44 hp.
Unknown command.
You slash the orc wizard!
You kill the orc wizard!
Cheibriados thoroughly appreciates the change of pace.
The ufetubus hits you.
* * * LOW HITPOINT WARNING * * *
The ufetubus hits you but does no damage.
The orc closely misses you. The orc hits you but does no damage.
The ufetubus closely misses you.
The ufetubus hits you but does no damage.
You take 3 damage, and have 19/44 hp.
Unknown command.
You hit the orc. Your kick misses the orc. You peck the orc.
The orc is almost dead.
The ufetubus closely misses you. x2; You block the orc's attack.
The orc hits you with a +0 short sword.
* * * LOW HITPOINT WARNING * * *
You take 3 damage, and have 16/44 hp.
Unknown command.
You barely miss the ufetubus. You claw the ufetubus.
The ufetubus is heavily wounded.
The ufetubus closely misses you.
The ufetubus hits you but does no damage.
The orc hits you but does no damage. The orc hits you with a +0 hand axe.
* * * LOW HITPOINT WARNING * * *
The orc hits you but does no damage.
The ufetubus hits you but does no damage.
You block the ufetubus's attack.
You take 1 damage, and have 15/44 hp.
Unknown command.
You closely miss the ufetubus.
You claw the ufetubus, but do no damage.
You peck the ufetubus, but do no damage.
The ufetubus is heavily wounded.
You block the ufetubus's attack.
The ufetubus hits you but does no damage.
The orc misses you. The orc hits you but does no damage.
The orc hits you with a +0 short sword.
* * * LOW HITPOINT WARNING * * *
The ufetubus hits you but does no damage.
The ufetubus hits you.
* * * LOW HITPOINT WARNING * * *
You take 5 damage, and have 10/44 hp.
Unknown command.
You closely miss the ufetubus. Your kick misses the ufetubus.
Your peck misses the ufetubus.
The ufetubus is heavily wounded.
You block the orc's attack. The orc hits you but does no damage.
The ufetubus hits you.
* * * LOW HITPOINT WARNING * * *
The ufetubus barely misses you. The orc hits you with a +0 short sword.
* * * LOW HITPOINT WARNING * * *
The orc hits you but does no damage. The orc hits you with a +0 hand axe.
* * * LOW HITPOINT WARNING * * *
The ufetubus hits you but does no damage. x2
You take 5 damage, and have 5/44 hp.
Unknown command.
You feel better. You block the orc's attack. The ufetubus misses you.
The ufetubus hits you but does no damage.
The orc closely misses you. The orc hits you with a +0 hand axe.
* * * LOW HITPOINT WARNING * * *
Unknown command.
You slash the orc!
You kill the orc!
Cheibriados appreciates the change of pace.
The ufetubus barely misses you. You block the ufetubus's attack.
The orc barely misses you. The orc hits you with a +0 short sword.
* * * LOW HITPOINT WARNING * * *
The ufetubus closely misses you. You block the ufetubus's attack.
The orc hits you but does no damage.
You take 1 damage, and have 4/44 hp.
Unknown command.
You miss the ufetubus. Your peck misses the ufetubus.
The ufetubus is heavily wounded.
The ufetubus hits you but does no damage.
The ufetubus closely misses you. The endoplasm freezes you.
You are frozen.
You die... ███████ ......█ █████.████ .........█ █████....██ ██████████

█
█∩....████........█..
█...(................
█.....███..ooJ)......
█....).███..@5Z......
█....█.██....█.█.....
███....██...██.█ ███
█.██......█ .. ███
██.██......█ ...
..████........█.█
....
........████....█
...(. ...████.█
██.█.█ )⌂♣...
...████.█ █.███


You could see 2 orcs, an ufetubus, an endoplasm and an adder skeleton.

Vanquished Creatures
  A black bear (D:4)
  A necrophage (D:4)
  A scorpion (D:4)
  An orc priest (D:4)
  A bullfrog skeleton (D:4)
  An iguana (D:4)
  2 orc wizards
  3 adders
  An adder skeleton (D:4)
  2 worms
  3 dart slugs
  14 orcs
  11 endoplasms
  A giant cockroach (D:1)
  9 hobgoblins
  3 jackals (D:2)
  10 kobolds
  5 quokkas
  10 ball pythons
  8 bats
  3 frilled lizards
  8 goblins
  6 rats
105 creatures vanquished.

Notes
Turn   | Place    | Note
-------+----------+-------------------------------------------
     0 | D:1      | Goblin1989 the Tengu Fighter began the quest for the Orb.
     0 | D:1      | Reached XP level 1. HP: 14/14 MP: 2/2
   246 | D:1      | Reached XP level 2. HP: 19/19 MP: 3/3
   321 | D:1      | Found a faded altar of an unknown god.
   747 | D:1      | Reached XP level 3. HP: 19/23 MP: 4/4
  1170 | D:1      | Reached skill level 3 in Long Blades
  1537 | D:2      | Reached XP level 4. HP: 25/28 MP: 5/5
  1948 | D:2      | Found a snail-covered altar of Cheibriados.
  2082 | D:2      | Became a worshipper of Cheibriados the Contemplative
  2570 | D:3      | Gained mutation: Your magical nature lets you fly swiftly
                  | and evasively. [Tengu growth]
  2570 | D:3      | Reached XP level 5. HP: 25/32 MP: 6/6
  3292 | D:3      | Reached * piety under Cheibriados
  3365 | D:3      | Reached skill level 4 in Long Blades
  3673 | D:4      | Noticed a necrophage
  3684 | D:4      | Killed a necrophage
  3685 | D:4      | Reached XP level 6. HP: 11/38 MP: 7/7
  3922 | D:4      | Reached skill level 1 in Invocations
  4014 | D:4      | Noticed a black bear
  4026 | D:4      | Killed a black bear
  4027 | D:4      | Reached skill level 5 in Long Blades
  4027 | D:4      | Reached XP level 7. HP: 30/43 MP: 7/9
  4217 | D:4      | Found Qinaq's General Store.
  4222 | D:4      | Bought a potion of curing for 39 gold pieces
  4232 | D:4      | Reached ** piety under Cheibriados
  4331 | D:4      | Found an ornate altar of the Wu Jian Council.
  4352 | D:4      | Frozen to death by an endoplasm

Illustrated notes

Levels and vault maps discovered:
D:1:      dpeg_cavernosity, layout_basic,
          dreamdust_ecumenical_altar_angels_and_demons, bh_walls_and_bars
D:2:      layout_loops_ring, basic_altar
D:3:      layout_basic, kennysheep_nondescript
D:4:      layout_rooms, nzn_wu_jian_contemplation, serial_shops, shop,
          shop_fountains

Skill      XL: |  1  2  3  4  5  6 |
---------------+-------------------+-----
Long Blades    | 3 4 5 |  5.4
Armour         | 4 |  4.8
Fighting       | 4 |  4.4
Shields        | 4 |  4.0
Invocations    | 1 |  1.7

Action                   |  1- 3 |  4- 6 |  7- 9 || total
-------------------------+-------+-------+-------++-------
Melee: Long sword        |    80 |   145 |    30 ||   255
       Kick              |    16 |    41 |     9 ||    66
       Peck              |     6 |    31 |     8 ||    45
  Use: Potion            |       |       |     1 ||     1
Armor: Scale mail        |    45 |    63 |    42 ||   150
Dodge: Dodged            |    46 |    67 |    45 ||   158
Block: Buckler           |    25 |    33 |    15 ||    73

Table legend: (Time is in decaauts)
 A = Elapsed time spent in this place.
 B = Non-inter-level travel time spent in this place.
 C = Inter-level travel time spent in this place.
 D = Time resting spent in this place.
 E = Time spent auto-exploring this place.
 F = Levels seen in this place.
 G = Mean time per level.
                   A        B        C        D        E       F      G
               +--------+--------+--------+--------+--------+-----+--------+
         Total |   4628 |   4420 |    208 |    464 |   3288 |   4 | 1157.0 |
       Dungeon |   4628 |   4420 |    208 |    464 |   3288 |   4 | 1157.0 |
               +--------+--------+--------+--------+--------+-----+--------+

Top non-repeatable levels by time:
     D:3: 1670 daAuts
     D:1: 1279 daAuts
     D:2: 949 daAuts
     D:4: 729 daAuts
